 Dungeon Crawl Stone Soup version 0.20.0-15-g7f486f2 (webtiles) character file.

74 galech the Skirmisher (level 4, -9/49 HPs)
             Began as an Ogre Fighter on June 23, 2017.
             Killed by divine providence
             ... invoked by an orc priest
              (12 damage)
             ... on level 3 of the Dungeon.
             The game lasted 00:03:03 (2467 turns).

galech the Skirmisher (Ogre Fighter)                Turns: 2467, Time: 00:03:04

Health: -9/49      AC:  3    Str: 21    XL:     4   Next: 28%
Magic:  4/4        EV:  8    Int:  9    God:
Gold:   58         SH:  8    Dex:  8    Spells: 3/3 levels left

rFire    . . .     SeeInvis .   a - +0 flail
rCold    . . .     Gourm    .   c - +0 shield
rNeg     . . .     Faith    .   b - +0 robe
rPois    .         Spirit   .   (helmet restricted)
rElec    .         Reflect  .   (no cloak)
rCorr    .         Harm     .   (gloves unavailable)
MR       .....                  (boots unavailable)
Stlth    ++........             (no amulet)
Regen    0.2/turn               e - ring of stealth
MPRegen  0.1/turn               k - ring of wizardry

@: no status effects
A: unfitting armour, tough skin 1
a: no special abilities


You were on level 3 of the Dungeon.
You were not hungry.

You visited 1 branch of the dungeon, and saw 3 of its levels.

You collected 58 gold pieces.

Inventory:

Hand Weapons
 a - a +0 flail (weapon)
Armour
 b - a +0 robe (worn)
 c - a +0 shield (worn)
Jewellery
 e - a ring of stealth (left hand)
 k - a ring of wizardry (right hand)
Scrolls
 h - a scroll of recharging {unknown}
 i - a scroll of amnesia {unknown}
 l - a scroll of identify {unknown}
 o - a scroll of immolation {unknown}
 p - a scroll of enchant armour {unknown}
 r - a scroll of teleportation {unknown}
Potions
 d - a potion of might
 g - a potion of curing {unknown}
 m - a potion of flight {unknown}
Comestibles
 f - a bread ration
 j - a meat ration
 n - a royal jelly
 q - 2 chunks of flesh


   Skills:
 + Level 4.6 Fighting
 + Level 2.5 Maces & Flails
 + Level 3.3 Dodging
 + Level 0.4 Stealth
 + Level 3.0 Shields


You had 3 spell levels left.
You didn't know any spells.

Dungeon Overview and Level Annotations

Branches:
Dungeon (3/15)

Altars:

Annotations:
D:3 Natasha


Innate Abilities, Weirdness & Mutations

You are too large for most types of armour.
You have tough skin. (AC +1)


Message History

You block the bat's attack. x2
You see here 6 sling bullets.
The crimson imp disappears in a puff of smoke!
You block the bat's attack. x2
The bat hits you.
* * * LOW HITPOINT WARNING * * *
The bat hits you but does no damage. You block the bat's attack.
You block the bat's attack. The bat hits you but does no damage.
The bat hits you but does no damage. The bat hits you but does no damage.
The bat barely misses you. The bat hits you.
* * * LOW HITPOINT WARNING * * *
The bat closely misses you. The bat barely misses you.
The orc priest invokes the aid of Beogh against you.
Beogh smites you!
You die...

#.##)##.###o.#..
###.##.###o#.5##.#
#.o.##.# ##.####.#
#.####. ##.## #.#
#o# ..##...###.#
#.# #...........#
#.# .#.##...##...
#b# #. ##.......
#@# # #####... #.#
#### #.#
#.################
#.................
##################


You could see an orc priest, an orc and a bat.

Vanquished Creatures
  3 adders
  2 dart slugs
  2 giant cockroaches
  4 goblins
  4 hobgoblins (D:1)
  6 jackals (D:1)
  A quokka (D:2)
  10 bats
  6 frilled lizards
  A kobold (D:1)
  3 rats (D:1)
42 creatures vanquished.

Notes
Turn   | Place    | Note
-------+----------+-------------------------------------------
     0 | D:1      | galech the Ogre Fighter began the quest for the Orb.
     0 | D:1      | Reached XP level 1. HP: 24/24 MP: 1/1
   117 | D:1      | Reached XP level 2. HP: 31/32 MP: 2/2
   929 | D:1      | Reached XP level 3. HP: 35/40 MP: 3/3
  2135 | D:3      | Reached XP level 4. HP: 11/49 MP: 4/4
  2433 | D:3      | Noticed Natasha
  2444 | D:3      | HP: 2/49 [shadow imp/nerve-wracking pain[Natasha] (7)]
  2449 | D:3      | HP: 2/49 [bat (1)]
  2457 | D:3      | HP: 2/49 [bat (1)]
  2467 | D:3      | Killed from afar by an orc priest

Skill      XL: |  1  2  3  4 |
---------------+-------------+-----
Maces & Flails | 2 |  2.5
Dodging        | 3 |  3.3
Shields        | 3 |  3.0
Fighting       | |  4.6
Stealth        | |  0.4

Action                   |  1- 3 |  4- 6 || total
-------------------------+-------+-------++-------
Melee: Flail             |   178 |    19 ||   197
 Stab: Sleeping          |     5 |     2 ||     7
  Eat: Chunk             |     4 |     1 ||     5
Armor: Robe              |    72 |     8 ||    80
Dodge: Dodged            |   101 |    10 ||   111
Block: Shield            |   114 |    24 ||   138
